 Dungeon Crawl Stone Soup version 0.31.0-4-g52a2dc7128 (webtiles) character file.

Game seed: 1165434259350546106

171206 asd2613 the Brawler (level 17, -8/136 HPs)
             Began as a Demonspawn Fighter on Jan 21, 2024.
             Was a High Priest of Okawaru.
             Mangled by a titanic slime creature (51 damage)
             ... on level 1 of the Pits of Slime on Jan 22, 2024.
             The game lasted 02:19:21 (34385 turns).

asd2613 the Brawler (Demonspawn Fighter)           Turns: 34385, Time: 02:19:22

Health: -8/136     AC: 30    Str: 21    XL:     17   Next: 13%
Magic:  27/27      EV: 11    Int: 22    God:    Okawaru [*****.]
Gold:   1534       SH: 17    Dex: 13    Spells: 15/29 levels left

rFire   + .          .
                       - Unarmed
rCold   + + +        j - +5 kite shield
rNeg    . . .        Z - +2 plate armour {rF+}
rPois   .            P - +1 helmet "Carphim" {rElec}
rElec   +            K - scarf {repulsion}
rCorr   +            J - +3 pair of gauntlets of War {Slay+5}
SInv    .            z - +4 pair of boots of the Desolation of Salt {rC++}
Will    +....        (no amulet) Stlth
                     M - ring "Hipab" {^Contam *Corrode rElec rC+ EV+5 Int+6}
HPRegen 0.42/turn    i - ring of resist corrosion
MPRegen 0.20/turn

%: corrode self (3%), repel missiles
@: no status effects
A: (demonic guardian 1), spiny 3, big brain 2, weakness stinger 2, cold
resistance 2, wild magic 1
}: 1/15 runes: gossamer
a: Renounce Religion, Heroism, Finesse, Duel


You were on level 1 of the Pits of Slime.
You worshipped Okawaru.
Okawaru was extremely pleased with you.
You visited 5 branches of the dungeon, and saw 26 of its levels.
You also visited: Sewer, Gauntlet and Ice Cave.

You collected 2708 gold pieces.
You spent 1174 gold pieces at shops.

Inventory:

Missiles
 m - 5 curare-tipped darts (quivered)
 A - 8 darts of dispersal
 F - 8 boomerangs
 O - 9 silver javelins
 Q - 10 javelins
 U - a throwing net
 Y - 11 atropa-tipped darts
Armour
 j - a +5 kite shield (worn)
 u - the +0 toga "Victory" {*Victory Clar}
   (You found it on level 5 of the Dungeon)

   *Victory:  When the wearer kills a threatening monster, it has a chance to
   gain +1 AC, +1 Slay, and +1 Int, capping at +7.
   When the wearer uses a scroll or a potion with a hostile monster in sight,
   its bonuses reset to +0.
   Unequipping it also resets its bonuses to +0.
   Clar:      It protects you from confusion, rage, mesmerisation and fear.
 z - the +4 pair of boots of the Desolation of Salt (worn) {rC++}
   (You acquired it on level 7 of the Dungeon)

   rC++:      It greatly protects you from cold.
 J - the +3 pair of gauntlets of War (worn) {Slay+5}
   (Okawaru gifted it to you on level 12 of the Dungeon)

   Slay+5:    It affects your accuracy & damage with ranged weapons and melee
   (+5).
 K - a scarf of repulsion (worn)
 P - the +1 helmet "Carphim" (worn) {rElec}
   (You found it in a Gauntlet)

   rElec:     It insulates you from electricity.
 Z - a +2 plate armour of fire resistance (worn)
Jewellery
 c - the ring "Gyusuch" {rF+ Str+4}
   (You acquired it on level 7 of the Dungeon)

   [ring of protection from fire]

   Str+4:     It affects your strength (+4).
   rF+:       It protects you from fire.
 g - a ring of poison resistance
 i - a ring of resist corrosion (right hand)
 L - a ring of flight
 M - the ring "Hipab" (left hand) {^Contam *Corrode rElec rC+ EV+5 Int+6}
   (You found it in a Gauntlet)

   [ring of evasion]

   EV+5:      It affects your evasion (+5).
   Int+6:     It affects your intelligence (+6).
   rC+:       It protects you from cold.
   rElec:     It insulates you from electricity.
   ^Contam:   It causes magical contamination when unequipped.
   *Corrode:  It may corrode you when you take damage.
Wands
 f - a wand of flame (42)
 p - a wand of digging (6)
 v - a wand of paralysis (3)
 w - a wand of polymorph (19)
 B - a wand of mindburst (22)
 S - a wand of roots (5)
Scrolls
 e - 5 scrolls of identify
 h - 8 scrolls of teleportation
 l - 4 scrolls of fog
 o - a scroll of revelation
 q - 6 scrolls of amnesia
 r - a scroll of silence
 x - 5 scrolls of vulnerability
 C - 5 scrolls of immolation
 D - 3 scrolls of enchant armour
 E - a scroll of fear
 G - a scroll of torment
Potions
 a - 4 potions of cancellation
 b - 3 potions of attraction
 d - 4 potions of mutation
 k - 4 potions of magic
 n - 5 potions of haste
 s - 8 potions of curing
 t - a potion of resistance
 H - 4 potions of ambrosia
 I - a potion of enlightenment
 R - a potion of invisibility
 V - a potion of berserk rage
 W - a potion of heal wounds
 X - a potion of might
Miscellaneous
 y - a condenser vane
 N - a phial of floods
 T - a lightning rod (4/4)


   Skills:
 + Level 13.1 Fighting
 + Level 8.3 Throwing
 + Level 12.1 Armour
 + Level 12.0 Shields
 * Level 18.5 Unarmed Combat
 + Level 6.9 Spellcasting
 + Level 0.2 Necromancy
 + Level 0.1 Translocations
 + Level 0.2 Ice Magic
 - Level 13.0 Invocations


You had 15 spell levels left.
You knew the following spells:

 Your Spells              Type           Power      Damage    Failure   Level
a - Fugue of the Fallen   Necr           11%        N/A       99%         3
b - Ozocubu's Armour      Ice            11%        N/A       99%         3
c - Passwall              Erth           9%         N/A       100%        3
d - Swiftness             Air            9%         N/A       100%        3
e - Blink                 Tloc           20%        N/A       97%         2

Your spell library contained the following spells:

 Spells                   Type           Power      Damage    Failure   Level
 Foxfire                  Conj/Fire      36%        2x1d5     92%         1
 Magic Dart               Conj           36%        1d4       92%         1
 Shock                    Conj/Air       36%        1d5       92%         1
 Sting                    Conj/Alch      36%        1d5       92%         1
 Ensorcelled Hibernation  Hex/Ice        20%        N/A       97%         2
 Mercury Vapours          Alch/Air       18%        N/A       98%         2
 Searing Ray              Conj           18%        2d5       98%         2
 Mephitic Cloud           Conj/Alch/Air  9%         N/A       100%        3
 Airstrike                Air            4%         2d(1-17)  100%        4
 Fulminant Prism          Conj/Alch      4%         3d5       100%        4
 Leda's Liquefaction      Alch/Erth      4%         N/A       100%        4
 Manifold Assault         Tloc           10%        N/A       100%        4
 Olgreb's Toxic Radiance  Alch           9%         N/A       100%        4
 Alistair's Intoxication  Alch           6%         N/A       100%        5
 Borgnjor's Vile Clutch   Necr/Erth      5%         N/A       100%        5
 Freezing Cloud           Conj/Ice/Air   5%         6-21      100%        5
 Lee's Rapid Deconstruct  Erth           4%         3d5*      100%        5
 Bombard                  Conj/Erth      4%         9d2       100%        6
 Eringya's Noxious Bog    Alch           4%         4d6       100%        6
 Plasma Beam              Fire/Air       4%         2x1d14    100%        6
 Starburst                Conj/Fire      4%         6d4       100%        6
 Death's Door             Necr           5%         N/A       100%        9
 Call Imp                 Summ           Unusable   N/A       N/A         2
 Animate Dead             Necr           Unusable   N/A       N/A         4
 Death Channel            Necr           Unusable   N/A       N/A         6

Dungeon Overview and Level Annotations

Branches:
Dungeon (13/15)            Temple (0/1) D:6            Lair (5/5) D:10
  Swamp (0/4) Lair:3       Spider (4/4) Lair:2        Slime (2/5) Lair:4
    Orc (2/2) D:9             Elf (0/3) Orc:2         Sewer (visited)
  IceCv (visited)         Gauntlet (visited)
 Vaults: D:13-14

Altars:
Ashenzari
Fedhas
Gozag
Hepliaklqana
Okawaru
Sif Muna
Trog
Wu Jian
Xom
Jiyva

Shops:
D:4 *   D:12 (   Orc:2 [*((:


Innate Abilities, Weirdness & Mutations

((A weak demonic guardian rushes to your aid.))
You are completely covered in sharp spines.
You have an extremely huge brain. (Int +4)
You have a tail ending in a sharp stinger.
Your flesh is very cold resistant. (rC++)
Your spells are a little harder to cast, but a little more powerful.


Message History

You block the slime creature's attack.
A large slime creature splits.
The slime creature attacks as it pursues you!
The slime creature barely misses you.
The slime creature is struck by your spines.
The slime creature barely misses you.
Two slime creatures merge to form a large slime creature.
The slime creature is struck by your spines.
The slime creature misses you.
Two slime creatures merge to form a titanic slime creature.
The slime creature attacks as it pursues you!
You block the slime creature's attack.
There is a stone staircase leading up here.
Aiming: Polymorph
Press: ? - help, Shift-Dir - straight line, f - titanic slime creature
Aim: a titanic slime creature (moderately wounded, will probably split, will become a swamp worm, a cyclops, or a sun moth, chance to affect: 31%)
The titanic slime creature easily resists.
You block the slime creature's attack.
You block the titanic slime creature's attack.
You climb upwards.
There is a stone staircase leading down here.
Aiming: Polymorph
Press: ? - help, Shift-Dir - straight line, f - titanic slime creature
Aim: a titanic slime creature (moderately wounded, will probably split, will become a swamp worm, a cyclops, or a sun moth, chance to affect: 31%)
The titanic slime creature easily resists.
The slime creature is struck by your spines.
The slime creature closely misses you.
You block the titanic slime creature's attack.
Aiming: Polymorph
Press: ? - help, Shift-Dir - straight line, f/p - titanic slime creature
Aim: a titanic slime creature (moderately wounded, will probably split, will become a swamp worm, a cyclops, or a sun moth, chance to affect: 31%)
The titanic slime creature easily resists.
The slime creature is struck by your spines.
The slime creature hits you! The titanic slime creature hits you!!!!
Ouch! That really hurt!
The slime creature is struck by your spines.
You kill the slime creature!
Okawaru accepts your kill.
The titanic slime creature attacks as it pursues you!
The titanic slime creature hits you!!!
You die...

#...........##................
##.#.................#...##...
##..#.....................#....
##....#.#.......................
#......##.......................
##.##............<.....#........
####..........>........#.....##
#...........J.......##......#
##..........@.....#####....##
#.................##.##.###
#...#.................###
##.....#..............#
#...#................##
##.#...#.......#.#....#
#....#..............##
.....##....#.#..#.###
##.#................#


You could see a titanic slime creature.

Vanquished Creatures
  Arachne (Arena)
  Rupert (D:12)
  2 acid blobs (Slime:1)
  The ghost of Vubreenic the Markscentaur, an adept CeHu of Okawaru (Spider:3)
  Agnes (Spider:1)
  5 emperor scorpions
  4 ghost moths
  An azure jelly (Slime:2)
  An orc warlord (Arena)
  A reaper (IceCv)
  8 broodmothers
  A quicksilver ooze (Lair:4)
  2 spark wasps (Spider:4)
  Nessos (Orc:2)
  A minotaur (Gauntlet)
  A green death (Gauntlet)
  Josephine (D:12)
  4 entropy weavers
  Fannar (Lair:1)
  Erolcha (D:11)
  A catoblepas (Lair:5)
  A death knight (D:13)
  A radroach (Spider:4)
  5 jorogumos
  An alligator (Lair:3)
  4 hydras
  4 demonic crawlers
  2 centaur warriors (D:13)
  4 death yaks (Lair:3)
  5 two-headed ogres
  3 boulder beetles
  A dancing weapon (Spider:3)
  Sonja (Orc:2)
  3 orc high priests (Orc:2)
  Amaemon (D:11)
  A skeletal warrior (D:13)
  A pharaoh ant (Spider:4)
  2 sun moths (Spider:4)
  A glowing orange brain (Slime:1)
  A death drake (Gauntlet)
  14 orb spiders
  A phantasmal warrior (D:13)
  A lindwurm (Lair:5)
  4 steelbarb worms
  16 wolf spiders
  3 orc knights
  3 orc sorcerers (Orc:2)
  2 shining eyes
  2 ugly things
  2 cyclopes
  An oklob plant (Orc:2)
  A spectral centaur (Gauntlet)
  3 manticores
  4 moths of wrath
  10 elephants
  2 eyes of devastation
  3 black mambas
  4 kobold blastminers
  An orange demon (D:11)
  An ice statue (IceCv)
  6 cane toads
  6 torpor snails
  A smoke demon (Gauntlet)
  3 gargoyles
  Jeremiah (D:9)
  4 komodo dragons
  2 rime drakes
  2 anaconda simulacra (IceCv)
  7 trolls
  A kobold demonologist (D:11)
  Psyche (D:12)
  A spectral harpy (Gauntlet)
  A red devil (Gauntlet)
  7 polar bears
  7 hornets
  16 tarantellas
  14 blink frogs
  2 glass eyes
  7 dream sheep
  3 centaur simulacra (Gauntlet)
  31 jumping spiders
  40 slime creatures
  Sigmund (D:3)
  12 spriggans (Lair:5)
  8 wraiths
  5 wyverns
  35 yaks
  3 shadows
  32 culicivoras
  A dire elephant simulacrum (IceCv)
  A vampire (D:11)
  A warg (Orc:2)
  A golden eye (Slime:1)
  9 basilisks
  46 redbacks
  A steam dragon (D:9)
  7 vampire mosquitoes
  3 harpy simulacra (IceCv)
  A death yak simulacrum (IceCv)
  3 acid dragons
  16 water moccasins
  A meliai simulacrum (Gauntlet)
  11 black bears
  16 orc warriors
  2 ice beasts
  2 laughing skulls (Gauntlet)
  Pargi (Sewer)
  25 wolves
  5 ogres
  5 boggarts (Lair:5)
  18 centaurs
  A weeping skull (Gauntlet)
  4 phantoms
  Blork the orc (D:6)
  A brain worm (Sewer)
  12 bullfrogs
  3 gnoll sergeants
  4 cane toad simulacra
  4 scorpions
  3 two-headed ogre simulacra
  3 wights (D:8)
  3 killer bees (D:7)
  3 elephant simulacra (Orc:2)
  4 howler monkeys
  2 electric eels (Lair:2)
  3 crimson imps (Gauntlet)
  5 hounds
  A jelly (D:6)
  A gnoll bouda (D:6)
  9 orc priests
  6 iguanas
  Natasha (twice) (D:3)
  15 orc wizards
  8 hell rats (Lair:3)
  3 polar bear simulacra (IceCv)
  7 spriggan simulacra
  5 troll simulacra (IceCv)
  3 wolf simulacra
  6 ogre zombies (D:9)
  16 gnolls
  10 adders
  10 naga simulacra
  A shadow imp (D:8)
  10 white imps
  9 ufetubi
  3 dart slugs
  40 orcs
  4 bats
  4 endoplasms
  6 giant cockroaches (D:4)
  9 goblins
  9 hobgoblins
  2 jackals (D:2)
  2 quokkas
  10 ball pythons
  7 frilled lizards
  2 gnoll skeletons (D:9)
  2 gnoll zombies (D:9)
  6 kobolds
  15 orc zombies (D:9)
  6 rats
900 creatures vanquished.

Vanquished Creatures (collateral kills)
  An orc priest (D:4)
  An iguana (D:2)
  A gnoll (D:5)
  2 endoplasms (D:2)
5 creatures vanquished.

Vanquished Creatures (others)
  Asterion (Spider:1)
  A broodmother (Spider:4)
  An orb spider (Spider:2)
  A tarantella (Spider:4)
  2 jumping spiders (Spider:2)
  2 orc warriors (Orc:2)
  An orc wizard (D:8)
9 creatures vanquished.

Grand Total: 914 creatures vanquished

Notes
Turn   | Place    | Note
-------+----------+-------------------------------------------
     0 | D:1      | asd2613 the Demonspawn Fighter began the quest for the Orb.
     0 | D:1      | Reached XP level 1. HP: 18/18 MP: 1/1
   238 | D:1      | Reached skill level 2 in Unarmed Combat
   238 | D:1      | Gained mutation: A weak demonic guardian rushes to your
                  | aid. [demonic ancestry]
   238 | D:1      | Reached XP level 2. HP: 24/24 MP: 2/2
  1174 | D:2      | Reached XP level 3. HP: 27/29 MP: 3/3
  1511 | D:2      | Gained mutation: You are partially covered in sharp spines.
                  | [demonic ancestry]
  1511 | D:2      | Reached XP level 4. HP: 23/35 MP: 4/4
  1694 | D:2      | Reached skill level 3 in Unarmed Combat
  2202 | D:3      | Noticed Sigmund
  2224 | D:3      | Killed Sigmund
  2225 | D:3      | Reached XP level 5. HP: 26/42 MP: 5/5
  2225 | D:3      | Reached XP level 6. HP: 30/48 MP: 6/6
  2627 | D:3      | Noticed Natasha
  2635 | D:3      | Killed Natasha
  2653 | D:3      | Noticed Natasha
  2665 | D:3      | Killed Natasha
  2666 | D:3      | Reached skill level 4 in Unarmed Combat
  3144 | D:4      | Found Dogibb's General Store.
  3161 | D:4      | Found a glowing drain.
  3173 | D:4      | Gained mutation: You have an unusually large brain. (Int
                  | +2) [demonic ancestry]
  3173 | D:4      | Reached XP level 7. HP: 23/55 MP: 7/7
  3315 | Sewer    | Entered a sewer
  3327 | Sewer    | Reached skill level 5 in Unarmed Combat
  3410 | Sewer    | Noticed Pargi
  3420 | Sewer    | Killed Pargi
  4294 | D:4      | Bought a potion of curing for 42 gold pieces
  4328 | D:5      | Entered Level 5 of the Dungeon
  4373 | D:5      | Reached skill level 5 in Fighting
  4389 | D:5      | HP: 1/56 [scorpion (6)]
  4397 | D:4      | Gained mutation: You have a small tail. [demonic ancestry]
  4397 | D:4      | Reached XP level 8. HP: 15/62 MP: 8/8
  4911 | D:5      | Found a bloodstained altar of Trog.
  5062 | D:5      | Found an iron altar of Okawaru.
  5062 | D:5      | Found a runed translucent door.
  5207 | D:5      | Reached skill level 6 in Unarmed Combat
  5256 | D:5      | Found the +0 toga "Victory" {*Victory Clar}
  5357 | D:5      | Reached skill level 5 in Shields
  5370 | D:5      | Reached skill level 5 in Armour
  5690 | D:5      | Became a worshipper of Warmaster Okawaru
  5897 | D:6      | Found a staircase to the Ecumenical Temple.
  5980 | D:6      | Reached skill level 7 in Unarmed Combat
  5981 | D:6      | Reached XP level 9. HP: 41/69 MP: 9/9
  6316 | D:6      | Reached * piety under Okawaru
  6336 | D:6      | Noticed Blork the orc
  6343 | D:6      | Killed Blork the orc
  6952 | D:7      | Identified 2 scrolls of acquirement
  6952 | D:7      | Acquired the +4 pair of boots of the Desolation of Salt
                  | {rC++}
  6976 | D:7      | Reached skill level 8 in Unarmed Combat
  7030 | D:7      | Reached ** piety under Okawaru
  7095 | D:7      | Acquired the ring "Gyusuch" {rF+ Str+4}
  7690 | D:8      | Identified the +10 dagger of Ukotenoll {venom, *Corrode
                  | ^Fragile rC++ Dex+6}
  8335 | D:9      | Gained mutation: You have a tail ending in a sharp stinger.
                  | [demonic ancestry]
  8335 | D:9      | Reached XP level 10. HP: 73/79 MP: 10/10
  8377 | D:9      | Noticed Jeremiah
  8506 | D:9      | Killed Jeremiah
  8506 | D:9      | Reached *** piety under Okawaru
  8655 | D:9      | Found a staircase to the Orcish Mines.
  9049 | D:9      | Noticed a gargoyle
  9063 | D:9      | Killed a gargoyle
  9064 | D:9      | Reached skill level 9 in Unarmed Combat
  9449 | D:9      | Found a hazy altar of Hepliaklqana.
  9496 | D:10     | Entered Level 10 of the Dungeon
  9622 | D:10     | Reached **** piety under Okawaru
  9872 | D:10     | Found a staircase to the Lair.
 10083 | D:10     | Found an opulent altar of Gozag.
 10089 | D:10     | Found a blossoming altar of Fedhas.
 10092 | D:10     | Found a broken altar of Ashenzari.
 10131 | D:10     | You fall into a shaft and drop 1 floor!
 10157 | D:10     | Noticed a two-headed ogre
 10168 | D:10     | Killed a two-headed ogre
 10169 | D:10     | Reached skill level 10 in Unarmed Combat
 10204 | D:10     | Gained mutation: You are mostly covered in sharp spines.
                  | [demonic ancestry]
 10204 | D:10     | Reached XP level 11. HP: 80/86 MP: 11/11
 10256 | D:10     | Identified the +3 long sword of Scorn {flame, Str-4 Int+6}
 10286 | D:10     | Reached ***** piety under Okawaru
 10392 | D:10     | Found a shimmering blue altar of Sif Muna.
 10434 | D:10     | Reached skill level 1 in Invocations
 10645 | D:10     | Found a transporter.
 10708 | D:10     | Found a transporter.
 10881 | D:11     | Noticed Erolcha
 10889 | D:11     | Killed Erolcha
 11118 | D:11     | Noticed a two-headed ogre
 11121 | D:11     | Noticed a boulder beetle
 11134 | D:11     | Killed a two-headed ogre
 11134 | D:11     | Received a gift from Okawaru
 11208 | D:11     | Killed a boulder beetle
 11346 | D:11     | Reached skill level 11 in Unarmed Combat
 11394 | D:11     | Noticed Amaemon
 11543 | D:11     | Killed Amaemon
 12012 | D:12     | Noticed Josephine
 12012 | D:12     | Noticed a brown ugly thing
 12028 | D:11     | Killed a brown ugly thing
 12286 | D:12     | Reached ****** piety under Okawaru
 12286 | D:12     | Received a gift from Okawaru
 12287 | D:12     | Reached XP level 12. HP: 71/95 MP: 15/15
 12304 | D:12     | Reached skill level 5 in Invocations
 12413 | D:12     | Acquired the +3 pair of gauntlets of War {Slay+5}
 12413 | D:12     | Received a gift from Okawaru
 12413 | D:12     | Found the +3 pair of gauntlets of War {Slay+5}
 12463 | D:12     | Killed Josephine
 12628 | D:12     | Found Aluke's Antique Weapon Emporium.
 12683 | D:12     | Noticed a two-headed ogre
 12696 | D:12     | Killed a two-headed ogre
 13237 | D:12     | Noticed a two-headed ogre
 13247 | D:12     | Killed a two-headed ogre
 13347 | D:12     | Noticed Rupert
 13369 | D:12     | Paralysed by Rupert for 5 turns
 13400 | D:12     | Paralysed by Rupert for 3 turns
 13411 | D:12     | Killed Rupert
 13412 | D:12     | Reached skill level 12 in Unarmed Combat
 13498 | D:12     | Received a gift from Okawaru
 13593 | D:12     | Noticed Psyche
 13620 | D:12     | Killed Psyche
 13704 | D:13     | Noticed a centaur warrior
 13729 | D:13     | Killed a centaur warrior
 13735 | D:13     | Reached skill level 1 in Throwing
 13741 | D:13     | Acquired a manual of Unarmed Combat
 13958 | D:13     | Reached skill level 10 in Fighting
 14042 | D:13     | Noticed a six-headed hydra
 14047 | D:13     | Killed a six-headed hydra
 14075 | D:13     | Received a gift from Okawaru
 14268 | D:13     | Noticed a death knight
 14285 | D:13     | Killed a death knight
 14529 | D:13     | Noticed a centaur warrior
 14533 | D:13     | Killed a centaur warrior
 14534 | D:13     | Gained mutation: You have an extremely huge brain. (Int +4)
                  | [demonic ancestry]
 14534 | D:13     | Reached XP level 13. HP: 103/103 MP: 18/18
 14762 | D:13     | Reached skill level 13 in Unarmed Combat
 14888 | D:13     | Found an ornate altar of the Wu Jian Council.
 15132 | Lair:1   | Entered Level 1 of the Lair of Beasts
 15183 | Lair:1   | Found a gate leading to a gauntlet.
 15196 | Gauntlet | Entered a Gauntlet
 15196 | Gauntlet | Found a transporter.
 15206 | Gauntlet | Found a transporter.
 15208 | Gauntlet | Found a transporter.
 15209 | Gauntlet | Found a transporter.
 15217 | Gauntlet | Found a transporter.
 15220 | Gauntlet | Found a transporter.
 15221 | Gauntlet | Found a transporter.
 15229 | Gauntlet | Found a transporter.
 15232 | Gauntlet | Found a transporter.
 15233 | Gauntlet | Found a transporter.
 15241 | Gauntlet | Noticed a green death
 15245 | Gauntlet | Found a transporter.
 15246 | Gauntlet | Found a transporter.
 15246 | Gauntlet | Found a transporter.
 15250 | Gauntlet | Found a runed translucent door.
 15250 | Gauntlet | Found a runed translucent door.
 15254 | Gauntlet | Found a transporter.
 15279 | Gauntlet | Found a runed translucent door.
 15432 | Gauntlet | Identified the ring "Hipab" {^Contam *Corrode rElec rC+
                  | EV+5 Int+6}
 15499 | Gauntlet | Killed a green death
 15535 | Gauntlet | Received a gift from Okawaru
 15542 | Gauntlet | Identified the +1 helmet "Carphim" {rElec}
 15571 | Gauntlet | Noticed a minotaur
 15578 | Gauntlet | Killed a minotaur
 15718 | Lair:1   | Noticed Fannar
 15731 | Lair:1   | Killed Fannar
 15961 | Lair:1   | Learned a level 3 spell: Fugue of the Fallen
 15965 | Lair:1   | Learned a level 3 spell: Ozocubu's Armour
 15969 | Lair:1   | Learned a level 3 spell: Passwall
 15973 | Lair:1   | Learned a level 3 spell: Swiftness
 16321 | Lair:2   | Reached skill level 14 in Unarmed Combat
 16499 | Lair:2   | Reached skill level 1 in Spellcasting
 16712 | Lair:2   | Found a hole to the Spider Nest.
 16725 | Lair:2   | Received a gift from Okawaru
 17441 | Lair:3   | Reached skill level 10 in Armour
 17530 | Lair:3   | Received a gift from Okawaru
 17537 | Lair:3   | Reached skill level 10 in Shields
 17614 | Lair:3   | Reached XP level 14. HP: 58/113 MP: 17/20
 17992 | Lair:3   | Found a staircase to the Swamp.
 18503 | Lair:4   | Found a viscous altar of Jiyva.
 18504 | Lair:4   | Found a staircase to the Slime Pits.
 18679 | Lair:4   | Reached skill level 15 in Unarmed Combat
 19291 | Lair:5   | Entered Level 5 of the Lair of Beasts
 19329 | Lair:5   | Received a gift from Okawaru
 19635 | Lair:5   | Reached skill level 5 in Throwing
 20211 | Lair:5   | Learned a level 2 spell: Blink
 20353 | Lair:5   | Received a gift from Okawaru
 20387 | Lair:5   | Reached skill level 10 in Invocations
 20850 | Orc:1    | Entered Level 1 of the Orcish Mines
 21092 | Orc:2    | Entered Level 2 of the Orcish Mines
 21092 | Orc:2    | Found a staircase to the Elven Halls.
 21121 | Orc:2    | Reached skill level 16 in Unarmed Combat
 21124 | Orc:2    | Noticed Sonja
 21207 | Orc:2    | Killed Sonja
 21265 | Orc:2    | Found a frozen archway.
 21275 | IceCv    | Entered an ice cave
 21634 | IceCv    | Noticed a reaper
 21830 | IceCv    | Killed a reaper
 21830 | IceCv    | Received a gift from Okawaru
 22006 | IceCv    | Got the Codex of Skeletons and Congelation
 22506 | Orc:2    | Found Diuhon's General Store.
 22514 | Orc:2    | Bought a +2 plate armour of fire resistance for 520 gold
                  | pieces
 22565 | Orc:2    | Found Hagekeh's Antique Weapon Shop.
 22600 | Orc:2    | Found Kuaceev's Weapon Boutique.
 22605 | Orc:2    | Noticed Nessos
 22610 | Orc:2    | Reached XP level 15. HP: 113/120 MP: 22/22
 22621 | Arena    | Entered the Arena
 22652 | Orc:2    | Paralysed by an orc sorcerer for 2 turns
 23253 | Orc:2    | Killed Nessos
 23274 | Orc:2    | Received a gift from Okawaru
 23309 | Orc:2    | Found Myosal's Antique Armour Boutique.
 23365 | Orc:2    | Found Osuxeuw's Book Emporium.
 23373 | Orc:2    | Bought a book of Unlife for 612 gold pieces
 23892 | Spider:1 | Entered Level 1 of the Spider Nest
 24519 | Spider:1 | Noticed Agnes
 24603 | Spider:1 | Killed Agnes
 24605 | Spider:1 | Reached skill level 17 in Unarmed Combat
 24868 | Spider:1 | Received a gift from Okawaru
 25019 | Spider:1 | Noticed Asterion
 25040 | Spider:1 | Killed Asterion
 25105 | Spider:1 | Reached skill level 5 in Spellcasting
 25912 | Spider:2 | Noticed Arachne
 25945 | Arena    | Entered the Arena
 25954 | Arena    | Killed Arachne
 27120 | Spider:3 | Received a gift from Okawaru
 27226 | Spider:3 | Noticed an emperor scorpion
 27537 | Spider:3 | Found a runed translucent door.
 27537 | Spider:3 | Found a shimmering altar of Xom.
 27537 | Spider:3 | Noticed Vubreenic's ghost (adept CeHu)
 28560 | Spider:3 | Killed Vubreenic's ghost
 28676 | Spider:4 | Entered Level 4 of the Spider Nest
 28688 | Spider:3 | Killed an emperor scorpion
 28689 | Spider:3 | Reached XP level 16. HP: 118/128 MP: 16/24
 28894 | Spider:4 | Received a gift from Okawaru
 30435 | Spider:4 | Reached skill level 18 in Unarmed Combat
 30805 | Spider:4 | Received a gift from Okawaru
 30840 | Spider:4 | HP: 6/129 [burnt (5)]
 31767 | Spider:4 | Got a gossamer rune of Zot
 32471 | Spider:2 | Received a gift from Okawaru
 32591 | Slime:1  | Entered Level 1 of the Pits of Slime
 32596 | Slime:1  | Noticed an acid blob
 33000 | Slime:1  | Gained mutation: You do not regenerate when monsters are
                  | visible. [a shining eye]
 33052 | Slime:1  | Gained mutation: You sometimes lose your temper in combat.
                  | [a shining eye]
 33057 | Lair:4   | Gained mutation: You occasionally lose the ability to read
                  | scrolls when taking damage. [a shining eye]
 33129 | Slime:1  | Gained mutation: Your magical capacity is low. (-10% MP) [a
                  | shining eye]
 33138 | Slime:1  | Killed an acid blob
 33139 | Slime:1  | Gained mutation: You are completely covered in sharp
                  | spines. [demonic ancestry]
 33139 | Slime:1  | Reached XP level 17. HP: 77/136 MP: 24/24
 33309 | Slime:1  | Noticed an acid blob
 33326 | Slime:1  | Killed an acid blob
 34049 | Slime:1  | Lost mutation: You occasionally lose the ability to read
                  | scrolls when taking damage. [potion of mutation]
 34049 | Slime:1  | Lost mutation: Your magical capacity is low. (-10% MP)
                  | [potion of mutation]
 34049 | Slime:1  | Lost mutation: You sometimes lose your temper in combat.
                  | [potion of mutation]
 34049 | Slime:1  | Gained mutation: You are clumsy. (Dex -2) [potion of
                  | mutation]
 34049 | Slime:1  | Gained mutation: You occasionally shout uncontrollably at
                  | your foes. [potion of mutation]
 34050 | Slime:1  | Lost mutation: You occasionally shout uncontrollably at
                  | your foes. [potion of mutation]
 34050 | Slime:1  | Lost mutation: You are clumsy. (Dex -2) [potion of
                  | mutation]
 34050 | Slime:1  | Lost mutation: You do not regenerate when monsters are
                  | visible. [potion of mutation]
 34050 | Slime:1  | Gained mutation: Your flesh is cold resistant. (rC+)
                  | [potion of mutation]
 34050 | Slime:1  | Gained mutation: Your spells are a little harder to cast,
                  | but a little more powerful. [potion of mutation]
 34050 | Slime:1  | Gained mutation: Your flesh is very cold resistant. (rC++)
                  | [potion of mutation]
 34365 | Slime:2  | Noticed an acid blob
 34385 | Slime:1  | Mangled by a titanic slime creature

Illustrated notes

Levels and vault maps discovered:
D:1:      pf_arrival_petrified_forest, layout_loops_ring, minmay_pentomino_q4
D:2:      layout_basic
D:3:      layout_basic, serial_corexii_hall, corexii_hall_statues_s,
          chequers_hall_statues_corner_a, uniq_natasha, uniq_sigmund
D:4:      layout_cave_pods, lemuel_doored_altar, serial_shops,
          nicolae_lakefront_shop, gup_sewer_entry_glass
D:5:      black_bear_nest_1, layout_rooms, overflow_temple_1_default,
          nicolae_overflow_guarded_unrand_okawaru_victory,
          mainiacjoe_overflow_alcove_2, hangedman_abyss_or_decor_lesser_grid,
          kennysheep_minor_cross, minivault_26
D:6:      layout_basic, mainiacjoe_overflow_catwalk, minmay_temple_entry_arrows,
          uniq_blork_the_orc
D:7:      layout_cave_pools
D:8:      layout_basic
D:9:      layout_roguey, worldfamousw_hep_ancestral_shrine, zombieorc1_lemuel,
          uniq_jeremiah
D:10:     layout_loops_cross, mainiacjoe_overflow_24_doors,
          grunt_temple_overflow_diamond, minmay_lair_entry_grove,
          nicolae_diode_stairs
D:11:     layout_cross, hangedman_abyss_or_decor_jellyfish_corner, uniq_amaemon,
          uniq_erolcha
D:12:     layout_roguey, serial_shops, kennysheep_mini_moat, uniq_josephine,
          uniq_psyche, uniq_rupert
D:13:     layout_roguey, minivault_19, nicolae_wu_jian_wuxing_cycle
Lair:1:   layout_long_grid, gauntlet_entry_generic, infiniplex_staircase_pool_2,
          uniq_fannar
Lair:2:   layout_regular_city, hellmonk_spider_entry_life_and_decay,
          nicolae_quartered_pool_super
Lair:3:   layout_regular_city, mainiacjoe_swamp_entry_lozenge_pond,
          grunt_forest_small_clearing_treed, grunt_megastairs_1
Lair:4:   layout_loops_ring, dpeg_slime_entry_corner
Lair:5:   minmay_lair_end_enchanted_forest, layout_regular_city,
          wad_woods_road_05, grunt_megastairs_5
Spider:1: layout_spider_delve, guppyfry_spider_mini_2, uniq_asterion, uniq_agnes
Spider:2: layout_spider_delve, uniq_arachne
Spider:3: layout_cave_pods, ebering_ghost_xom
Spider:4: hellmonk_spider_rune_endless_swarm, nicolae_spider_wall_of_niches
Slime:1:  layout_caves, nicolae_slime_getting_an_eyeful
Slime:2:  layout_caves, nicolae_slime_phagocytosis
Orc:1:    layout_caves
Orc:2:    grunt_orc_gardens, layout_caves, grunt_orc_garden, grunt_orc_garden,
          grunt_orc_garden, grunt_orc_garden, serial_shops, shop,
          portal_ice_cave_entry_ice_simulacra, mines3_lemuel, uniq_nessos,
          uniq_sonja

Skill      XL: |  1  2  3  4  5  6  7  8  9 10 11 12 13 14 15 16 17 |
---------------+----------------------------------------------------+-----
Unarmed Combat | 2 3 4 5 7 8 10 11 12 14 16 17 18 | 18.5
Armour         | 3 4 5 6 7 8 9 10 11 12 | 12.1
Shields        | 3 4 5 6 7 8 9 10 11 12 | 12.0
Fighting       | 4 5 6 7 8 9 10 11 12 13 | 13.1
Invocations    | 4 7 9 10 11 12 13 | 13.0
Throwing       | 2 4 5 7 8 |  8.3
Spellcasting   | 2 4 5 6 |  6.9
Necromancy     | |  0.2
Translocations | |  0.1
Ice Magic      | |  0.2

Action                     |  1- 3 |  4- 6 |  7- 9 | 10-12 | 13-15 | 16-18 || total
---------------------------+-------+-------+-------+-------+-------+-------++-------
  Melee: Unarmed           |   114 |   158 |   402 |   677 |  1441 |   629 ||  3421
         Tailslap          |       |       |    51 |   119 |   281 |   132 ||   583
  Throw: Boomerang         |       |       |       |    10 |    66 |     1 ||    77
         Dart              |       |       |       |       |     1 |    14 ||    15
         Javelin           |       |       |       |       |     1 |       ||     1
 Invoke: Receive Armour    |       |       |       |     1 |       |       ||     1
         Heroism           |       |       |       |       |    13 |     6 ||    19
         Finesse           |       |       |       |       |     5 |     1 ||     6
         Duel              |       |       |       |       |     2 |       ||     2
  Evoke: Wand              |       |       |       |       |     5 |     3 ||     8
    Use: Scroll            |     6 |     1 |    15 |    10 |    10 |     4 ||    46
         Potion            |       |     1 |     5 |     2 |     5 |     7 ||    20
   Stab: Invisible         |       |       |     1 |       |       |       ||     1
         Distracted        |       |       |       |       |     1 |       ||     1
 Armour: Scale mail        |    63 |    83 |    92 |       |       |       ||   238
         Plate armour      |       |       |   227 |   382 |   811 |   504 ||  1924
         Skin              |       |       |       |    15 |       |       ||    15
  Dodge: Dodged            |    34 |    36 |    88 |   164 |   386 |   214 ||   922
         Repelled          |       |       |       |       |    10 |     6 ||    16
  Block: Buckler           |    23 |    30 |    67 |       |       |       ||   120
         Kite shield       |       |       |   101 |   455 |  1245 |   589 ||  2390
